 Dungeon Crawl Stone Soup version 0.30-a0-948-g4fa250aae5 (webtiles) character file.

Game seed: 10058169855178260899

280 DeathPants the Trooper (level 6, -1/33 HPs)
             Began as a Vine Stalker Monk on Mar 26, 2023.
             Slain by an orc
             ... wielding a +0 hand axe
              (2 damage)
             ... on level 3 of the Dungeon.
             The game lasted 00:04:47 (1625 turns).

DeathPants the Trooper (Vine Stalker Monk)          Turns: 1625, Time: 00:04:47

Health: -1/33      AC:  3    Str: 13    XL:     6   Next: 27%
Magic:  0/19       EV: 13    Int: 12    God:
Gold:   122        SH:  0    Dex: 17    Spells: 10/10 levels left

rFire   . . .      SeeInvis .    p - +0 dagger
rCold   . . .      Faith    .    (no shield)
rNeg    . . .      Spirit   +    g - +0 leather armour
rPois   .          Reflect  .    (no helmet)
rElec   .          Rampage  .    (no cloak)
rCorr   .                        (no gloves)
Will    .....                    (no boots)
Stlth   ++                       (no amulet)
HPRegen 1.05/turn                b - ring of magical power
MPRegen 0.16/turn                (no ring)

@: no status effects
A: fangs 2, regeneration 1, magic shield, antimagic bite, no potion heal 2
a: no special abilities


You were on level 3 of the Dungeon.
You visited 1 branch of the dungeon, and saw 3 of its levels.

You collected 122 gold pieces.

Inventory:

Hand Weapons
 p - a +0 dagger (weapon)
Missiles
 e - 11 boomerangs (quivered)
 f - 6 poisoned darts
Armour
 g - a +0 leather armour (worn)
Jewellery
 b - a ring of magical power (left hand)
Scrolls
 a - a scroll of teleportation {unknown}
 h - a scroll of poison {unknown}
 i - a scroll of vulnerability {unknown}
 j - a scroll of enchant weapon {unknown}
 k - a scroll of fear {unknown}
 l - a scroll of fog {unknown}
 o - a scroll of magic mapping {unknown}
Potions
 c - 3 potions of ambrosia
 d - a potion of brilliance
 q - a potion of curing {unknown}
 r - 2 potions of flight {unknown}


   Skills:
 + Level 3.8 Fighting
 + Level 3.8 Short Blades
 + Level 3.5 Dodging
 - Level 2.6 Stealth
 + Level 2.6 Spellcasting


You had 10 spell levels left.
You didn't know any spells.
Your spell library contained the following spells:

 Spells                   Type           Power      Damage    Failure   Level
 Apportation              Tloc           2%         N/A       32%         1
 Summon Small Mammal      Summ           4%         N/A       32%         1
 Call Canine Familiar     Summ           1%         N/A       69%         3
 Frozen Ramparts          Ice            2%         1d1       69%         3
 Gell's Gravitas          Tloc           1%         N/A       69%         3
 Portal Projectile        Hex/Tloc       2%         N/A       69%         3
 Summon Guardian Golem    Hex/Summ       1%         N/A       69%         3
 Teleport Other           Tloc           1%         N/A       69%         3
 Tukima's Dance           Hex            1%         N/A       69%         3
 Alistair's Intoxication  Tmut/Pois      0%         N/A       100%        5
 Blade Hands              Tmut           0%         N/A       100%        5
 Freezing Cloud           Conj/Ice/Air   0%         6-21      100%        5
 Dispersal                Tloc           0%         N/A       100%        6


Dungeon Overview and Level Annotations

Branches:
Dungeon (3/15)

Altars:

Shops:
D:1 [


Innate Abilities, Weirdness & Mutations

You have extremely sharp teeth.
Your natural rate of healing is unusually fast.
When hurt, damage is shared between your health and your magic reserves.
Your bite disrupts and absorbs the magic of your enemies.
Potions cannot restore your health.


Message History

You closely miss the orc. You bite the orc, but do no damage.
The orc is lightly wounded.
The orc hits you with a +0 short sword. The orc hits you but does no damage.
The orc closely misses you.
You hit the orc but do no damage. You bite the orc. You drain its power.
You feel invigorated.
The orc is heavily wounded.
You hit the orc.
The orc is severely wounded.
The orc closely misses you. The orc hits you with a +0 hand axe. x2
* * * LOW HITPOINT WARNING * * *
You completely miss the orc. You bite the orc, but do no damage.
The orc is severely wounded.
The orc hits you with a +0 short sword. The orc closely misses you.
The orc hits you with a +0 hand axe.
* * * LOW HITPOINT WARNING * * *
An orc comes into view. It is wielding a +2 hand axe of pain.
You hit the orc.
You kill the orc!
The orc barely misses you. The orc closely misses you.
You hit the orc.
The orc is heavily wounded.
The orc hits you but does no damage. The orc hits you with a +0 club.
The orc hits you with a +0 hand axe.
* * * LOW HITPOINT WARNING * * *
Okay, then.
Okay, then.
You hit the orc. Your bite misses the orc.
The orc is severely wounded.
You barely miss the orc.
The orc is severely wounded.
The orc hits you with a +0 hand axe.
* * * LOW HITPOINT WARNING * * *
The orc hits you with a +0 club. The orc misses you.
You hit the orc.
You kill the orc!
The orc hits you with a +0 hand axe.
* * * LOW HITPOINT WARNING * * *
The orc hits you with a +0 hand axe.
You die...

####### #.....# #.....#
###....!# ##########
#(...†..# #.........
#.#####.# #..)......
###.#####.# #.........
........#.# ######.........
........#.###.#o@)o........
........#.##..#o##.........
........#.##..#............
........#..#...............
.............###.#.........
...........†)##.........###
.........#†)###.........#
...........## #.........#
......................###


You could see 3 orcs.

Vanquished Creatures
  Sigmund (D:3)
  2 orc wizards (D:3)
  2 adders (D:2)
  10 orcs (D:3)
  5 ball pythons
  A bat (D:3)
  An endoplasm (D:2)
  2 giant cockroaches
  2 goblins
  3 hobgoblins (D:2)
  3 jackals (D:3)
  3 kobolds
  4 frilled lizards
  5 rats
44 creatures vanquished.

Notes
Turn   | Place    | Note
-------+----------+-------------------------------------------
     0 | D:1      | DeathPants the Vine Stalker Monk began the quest for the
                  | Orb.
     0 | D:1      | Reached XP level 1. HP: 11/11 MP: 2/2
   194 | D:1      | Found Zoazxiro's Armour Shop.
   441 | D:2      | Reached XP level 2. HP: 16/16 MP: 3/3
   998 | D:2      | Got the Precepts of Overhead Hypothermia
  1009 | D:2      | Reached XP level 3. HP: 17/20 MP: 5/5
  1102 | D:2      | Reached skill level 1 in Spellcasting
  1363 | D:3      | Noticed Sigmund
  1378 | D:3      | Killed Sigmund
  1379 | D:3      | Gained mutation: Your natural rate of healing is unusually
                  | fast. [Vine Stalker growth]
  1379 | D:3      | Reached XP level 4. HP: 20/25 MP: 8/8
  1379 | D:3      | Reached XP level 5. HP: 24/29 MP: 9/9
  1448 | D:3      | Reached XP level 6. HP: 33/33 MP: 10/10
  1625 | D:3      | HP: 1/33 [orc/+0 hand axe (4)]
  1625 | D:3      | Slain by an orc

Illustrated notes

Levels and vault maps discovered:
D:1:      wander_arrival_chamber, layout_basic, serial_shops,
          nicolae_shop_waterfront, serial_forest, infiniplex_forest_end_1,
          infiniplex_forest_straight_2, infiniplex_forest_lined_corner,
          infiniplex_forest_straight_2
D:2:      layout_basic, st_stairs_12
D:3:      layout_rooms, uniq_sigmund

Skill      XL: |  1  2  3 |
---------------+----------+-----
Fighting       | 3 |  3.8
Short Blades   | 3 |  3.8
Spellcasting   | 2 |  2.6
Dodging        | 3 |  3.5
Stealth        | |  2.6

Action                     |  1- 3 |  4- 6 || total
---------------------------+-------+-------++-------
  Melee: Short sword       |    25 |       ||    25
         Bite              |    18 |    33 ||    51
         Punch             |     1 |       ||     1
         Dagger            |    39 |   104 ||   143
  Throw: Boomerang         |     1 |     2 ||     3
    Use: Scroll            |     3 |       ||     3
         Potion            |     1 |       ||     1
   Stab: Sleeping          |     3 |     1 ||     4
 Armour: Leather armour    |    15 |    18 ||    33
  Dodge: Dodged            |    45 |    73 ||   118

Table legend: (Time is in decaauts)
 A = Elapsed time spent in this place.
 B = Non-inter-level travel time spent in this place.
 C = Inter-level travel time spent in this place.
 D = Time resting spent in this place.
 E = Time spent auto-exploring this place.
 F = Levels seen in this place.
 G = Mean time per level.
                   A        B        C        D        E       F      G
               +--------+--------+--------+--------+--------+-----+--------+
         Total |   1598 |   1527 |     71 |      0 |   1024 |   3 |  532.7 |
       Dungeon |   1598 |   1527 |     71 |      0 |   1024 |   3 |  532.7 |
               +--------+--------+--------+--------+--------+-----+--------+

Top non-repeatable levels by time:
     D:1: 728 daAuts
     D:2: 593 daAuts
     D:3: 276 daAuts
